 Dungeon Crawl Stone Soup version 0.29-a0-275-g389c0b56f3 (webtiles) character file.

Game seed: 4184442423942806455

4 spaghetti the Insei (level 1, 0/11 HPs)
             Began as a Vine Stalker Monk on Mar 10, 2022.
             Slain by a quokka (1 damage)
             ... on level 1 of the Dungeon.
             The game lasted 00:00:22 (156 turns).

spaghetti the Insei (Vine Stalker Monk)              Turns: 156, Time: 00:00:23

Health: 0/11       AC:  2    Str: 13    XL:     1   Next: 70%
Magic:  0/2        EV: 12    Int: 10    God:
Gold:   12         SH:  0    Dex: 16    Spells: 0/0 levels left

rFire   . . .      SeeInvis .     - Unarmed
rCold   . . .      Faith    .   (no shield)
rNeg    . . .      Spirit   +   a - +0 robe
rPois   .          Reflect  .   (no helmet)
rElec   .          Harm     .   (no cloak)
rCorr   .          Rampage  .   (no gloves)
Will    .....                   (no boots)
Stlth   +.........              (no amulet)
HPRegen 0.03/turn               (no ring)
MPRegen 0.08/turn               (no ring)

@: confused, ambrosia-drunk
A: fangs 2, magic shield, antimagic bite, no potion heal 2
a: no special abilities


You were on level 1 of the Dungeon.
You visited 1 branch of the dungeon, and saw 1 of its levels.

You collected 12 gold pieces.


Innate Abilities, Weirdness & Mutations

You have extremely sharp teeth.
When hurt, damage is shared between your health and your magic reserves.
Your bite disrupts and absorbs the magic of your enemies.
Potions cannot restore your health.


   Skills:
 - Level 2.6 Fighting
 - Level 2.4 Dodging
 - Level 2.4 Stealth
 + Level 3.3 Unarmed Combat


You couldn't memorise any spells.
You didn't know any spells.
Your spell library was empty.

Inventory:

Armour
 a - a +0 robe (worn)
Scrolls
 c - a scroll of noise {unknown}
 d - a scroll of identify {unknown}

Dungeon Overview and Level Annotations

Branches:
Dungeon (1/15)

Altars:

....## #?.######.#
.#######..##.....#
..#.......##..##.#
.#........#...!#.#
#..........†#(...#
....####.#..##.#.#
...#####.##....#.#
............#.##r#
#.........###.##@#
#..........##..b.#
#.†......#.#####.#
#..†.....#.# #>#
#....†...# ..#
#........# ###
#........#
##########


You could see a quokka and a bat.


Message History

No target in range!
The giant cockroach bites you. 😕 HP[-1]
You take 1 damage, and now have 9/11 hp.
You closely miss the giant cockroach.
The giant cockroach bites you but does no damage.
The giant cockroach closely misses you.
You barely miss the giant cockroach. Your bite misses the giant cockroach.
The giant cockroach barely misses you.
You closely miss the giant cockroach.
You bite the giant cockroach, but do no damage.
The giant cockroach misses you.
You hit the giant cockroach. The giant cockroach closely misses you.
You hit the giant cockroach.
You kill the giant cockroach!
You see here a giant cockroach corpse.
d - a scroll labelled GONAIQORIR 😎 HP[+2]
Your hp is fully restored (11).
A giant cockroach comes into view.
A giant cockroach is nearby!
A giant cockroach is nearby!
A giant cockroach is nearby!
No target in range!
The giant cockroach bites you but does no damage.
You closely miss the giant cockroach. You punch the giant cockroach.
The giant cockroach bites you. 😕 HP[-2]
You take 2 damage, and now have 9/11 hp.
You barely miss the giant cockroach. The giant cockroach barely misses you.
You hit the giant cockroach. The giant cockroach closely misses you.
The giant cockroach barely misses you.
You hit the giant cockroach.
You kill the giant cockroach!
You see here a giant cockroach corpse.
A bat comes into view. 😎 HP[+2]
Your hp is fully restored (11).
A bat is nearby!
A bat is nearby!
A bat is nearby!
No target in range!
The bat closely misses you. The bat barely misses you.
You see here a lumpy dark potion.
A quokka comes into view.
Found a stone staircase leading down.
The bat barely misses you.
You barely miss the bat. Your bite misses the bat. The bat hits you. 😎 MP[-1]
You lost 1 mp, and now have 1/2 mp.
The bat closely misses you. The bat hits you but does no damage. x2
You completely miss the bat. The bat hits you but does no damage.
You hit the bat. Your bite misses the bat. The bat misses you.
The bat barely misses you.
You closely miss the bat. The bat misses you. The bat closely misses you.
The bat barely misses you. The bat closely misses you.
You closely miss the bat. The bat closely misses you.
The bat hits you. 😕 HP[-1]
You take 1 damage, and now have 10/11 hp.
You miss the bat. The bat closely misses you. The bat completely misses you.
The quokka bites you. 😮 HP[-2]
You take 2 damage, and now have 8/11 hp.
You completely miss the bat. The bat barely misses you. x2
The quokka closely misses you. The quokka attacks as you move away!
The quokka closely misses you. The quokka bites you.
* * * LOW HITPOINT WARNING * * *
The bat hits you but does no damage. 😨 HP[-3]
You take 3 damage, and now have 5/11 hp.
MASSIVE DAMAGE!! (PAUSE)
You barely miss the quokka. The bat hits you but does no damage.
The bat misses you. The quokka bites you.
* * * LOW HITPOINT WARNING * * *
😨 HP[-2] MP[-1]
You take 2 damage, and now have 3/11 hp.
You lost 1 mp, and now have 0/2 mp.
You are confused.
Your system rejects the healing.
You feel invigorated. The bat barely misses you.
The quokka barely misses you. 😨 MP[+2]
Your mp is fully restored (2).
You miss the quokka. The bat barely misses you. The quokka misses you.
You miss the quokka. Your bite misses the quokka.
The bat hits you but does no damage. The quokka bites you.
* * * LOW HITPOINT WARNING * * *
😱 HP[-1] MP[-2]
You take 1 damage, and now have 2/11 hp.
You lost 2 mp, and now have 0/2 mp.
You miss the quokka. Your bite misses the quokka. The bat misses you.
The quokka closely misses you. 😱 MP[+2]
Your mp is fully restored (2).
You miss the quokka. You bite the quokka. You drain its power.
The bat hits you.
* * * LOW HITPOINT WARNING * * *
The quokka bites you.
You die...

Action                   || total
-------------------------++-------
Melee: Unarmed           ||    23
       Bite              ||     3
       Punch             ||     1
  Use: Potion            ||     1
Armor: Robe              ||     9
Dodge: Dodged            ||    35

Levels and vault maps discovered:
D:1:      psy_arrival_dodecagon, layout_basic, serial_shops, shop,
          minmay_tromino_v2

Notes
Turn   | Place    | Note
-------+----------+-------------------------------------------
     0 | D:1      | spaghetti the Vine Stalker Monk began the quest for the
                  | Orb.
     0 | D:1      | Reached XP level 1. HP: 11/11 MP: 2/2
     0 | D:1      | magus.rc [v1.9.6]
   154 | D:1      | HP: 2/11 [quokka (1)]
   156 | D:1      | Slain by a quokka

Vanquished Creatures
  2 ball pythons (D:1)
  2 giant cockroaches (D:1)
4 creatures vanquished.

Table legend:
 A = Non-vault XP
 B = Vault XP
 C = Vault XP percentage of total XP
 D = Non-vault monster count
 E = Vault monster count
 F = Vault count percentage of total count
                 A         B        C        D         E       F
            +---------+---------+-------+---------+---------+-------
      Total |       5 |       2 |  28.6 |       3 |       1 |  25.0
            +---------+---------+-------+---------+---------+-------
        D:1 |       5 |       2 |  28.6 |       3 |       1 |  25.0
            +---------+---------+-------+---------+---------+-------

Illustrated notes

Table legend:
 A = Kills in this place as a percentage of kills in entire the game.
 B = Kills by you in this place as a percentage of kills by you in the entire game.
 C = Kills by friends in this place as a percentage of kills by friends in the entire game.
 D = Other kills in this place as a percentage of other kills in the entire game.
 E = Experience gained in this place as a percentage of experience gained in the entire game.
 F = Experience gained in this place divided by the number of levels of this place that you have seen.
                   A       B       C       D       E      F
               +-------+-------+-------+-------+-------+----------------------
         Total | 100.0 | 100.0 |   N/A |   N/A | 100.0 |   7.0
       Dungeon | 100.0 | 100.0 |   N/A |   N/A | 100.0 |   7.0
               +-------+-------+-------+-------+-------+----------------------

Table legend: (Time is in decaauts)
 A = Elapsed time spent in this place.
 B = Non-inter-level travel time spent in this place.
 C = Inter-level travel time spent in this place.
 D = Time resting spent in this place.
 E = Time spent auto-exploring this place.
 F = Levels seen in this place.
 G = Mean time per level.
                   A        B        C        D        E       F      G
               +--------+--------+--------+--------+--------+-----+--------+
         Total |    154 |    154 |      0 |      0 |    109 |   1 |  154.0 |
       Dungeon |    154 |    154 |      0 |      0 |    109 |   1 |  154.0 |
               +--------+--------+--------+--------+--------+-----+--------+

Top non-repeatable levels by time:
     D:1: 154 daAuts
